[Event "FIDE WCCC Open-10 2024"]
[Site "Montesilvano"]
[Date "2024.11.22"]
[Round "7.11"]
[White "Shangin, Lev"]
[Black "Azimov, Yasin"]
[Result "1-0"]
[Annotator "NA RC"]
[ECO "D35"]
[WhiteElo "2056"]
[BlackElo "1759"]
[PlyCount "87"]
[EventDate "2024.11.18"]
[EventType "swiss"]
[EventCountry "ITA"]
[SourceTitle "playchess.com"]
[Source "ChessBase"]
[SourceQuality "1"]
[TimeControl "5400+30"]

1. d4 d5 2. c4 e6 3. Nf3 Nf6 4. Nc3 Nbd7 5. cxd5 exd5 6. Bf4 c6 7. e3 Bb4 8. Qb3 a5 9. a3 Bxc3+ 10. Qxc3 Ne4 11. Qc2 O-O 12. Bd3 Re8 $14 13. O-O Ndf6 14. h3 a4 15. Ne5 h6 16. Bh2 Be6 17. Rac1 Qa5 18. Rcd1 Rad8 19. Kh1 Nd6 20. Rg1 Rc8 21. Qb1 c5 22. dxc5 Nde4 23. Bxe4 Nxe4 24. Nd3 Bf5 25. Qa2 Nxc5 26. Nxc5 Rxc5 27. Bd6 Rb5 28. Bb4 Qa6 29. b3 axb3 30. Qxb3 Qe6 31. Kh2 Rc8 32. Rd4 Qe5+ 33. Kh1 Be4 34. Qd1 Bc2 35. Qg4 Bf5 36. Qh5 Qf6 37. Rf4 g6 38. Qxh6 Rc2 39. f3 Qg7 40. Qg5 f6 41. Qg3 Rc8 42. Rd1 Bc2 43. Rc1 Rc6 44. Rh4 1-0

[Event "FIDE WCCC Open-10 2024"]
[Site "Montesilvano"]
[Date "2024.11.22"]
[Round "7.11"]
[White "Kovacs, Balazs"]
[Black "Youn, Laeho"]
[Result "1-0"]
[Annotator "NA RC"]
[ECO "C02"]
[WhiteElo "1871"]
[BlackElo "1520"]
[PlyCount "81"]
[EventDate "2024.11.18"]
[EventType "swiss"]
[EventCountry "ITA"]
[SourceTitle "playchess.com"]
[Source "ChessBase"]
[SourceQuality "1"]
[TimeControl "5400+30"]

1. e4 e6 2. d4 d5 3. e5 c5 4. c3 Nc6 5. Nf3 cxd4 6. cxd4 Nge7 7. Na3 Nf5 8. Nc2 Qb6 9. Bd3 {[%emt 0:00:23] C02: French: Advance Variation.} Bd7 10. O-O Nfxd4 11. Nfxd4 Nxd4 12. Be3 Bc5 13. b4 Qc7 14. bxc5 Nxc2 15. Qxc2 Qxe5 16. Rab1 Bc6 17. Rb4 O-O-O 18. Bf4 Qf6 19. Bd6 e5 20. Bf5+ Bd7 21. c6 Bxf5 22. cxb7+ Kd7 23. Qc7+ Ke6 24. b8=Q Rxb8 25. Rxb8 Rxb8 26. Qxb8 Qg6 27. Bxe5 f6 28. Qd6+ Kf7 29. Qxd5+ Be6 30. Qb7+ Ke8 31. Bd6 Qf7 32. Qb8+ Kd7 33. Rc1 Qh5 34. Qc8+ Kxd6 35. Qc7+ Kd5 36. Qc5+ Ke4 37. Qxh5 g6 38. Qc5 Bxa2 39. Re1+ Kd3 40. Re3+ Kd2 41. Qc3+ 1-0

[Event "FIDE WCCC Open-10 2024"]
[Site "Montesilvano"]
[Date "2024.11.22"]
[Round "7.12"]
[White "Ilko-Toth, Andras"]
[Black "Melkonyan, Davit"]
[Result "1-0"]
[Annotator "RC"]
[ECO "D11"]
[WhiteElo "2115"]
[BlackElo "1842"]
[PlyCount "119"]
[EventDate "2024.11.18"]
[EventType "swiss"]
[EventCountry "ITA"]
[SourceTitle "playchess.com"]
[Source "ChessBase"]
[SourceQuality "1"]
[TimeControl "5400+30"]

1. d4 d5 2. Nf3 Nf6 3. g3 Bf5 4. Bg2 e6 5. c4 Be7 6. Nc3 h6 7. O-O c6 8. Nd2 O-O 9. e4 dxe4 10. Ndxe4 Nbd7 11. Be3 Nxe4 12. Nxe4 Nf6 13. Nc3 Qd7 14. h3 Rfd8 15. Qe2 Bd6 16. Rfd1 Qe7 17. Rac1 Rac8 18. a3 a5 19. Rd2 Bc7 20. Re1 Bg6 21. Qd1 Re8 22. Qb3 Bb8 23. Qb6 Qc7 24. Qb3 Qe7 25. Qb6 Qc7 26. Qxc7 Bxc7 27. d5 exd5 28. cxd5 cxd5 29. Nxd5 Nxd5 30. Bxd5 Be5 31. Bb6 Bf6 32. Rxe8+ Rxe8 33. Bxa5 Re1+ 34. Kh2 b5 35. Bb4 h5 36. h4 Bf5 37. Bf3 g6 38. Rd8+ Bxd8 39. Bxe1 Bd3 40. Bb4 Bf1 41. Kg1 Bc4 42. Bc6 f6 43. b3 Bxb3 44. Bxb5 Bd5 45. a4 Kf7 46. a5 g5 47. a6 Bb6 48. Bd6 Ba7 49. Bc7 gxh4 50. gxh4 Ke6 51. Bf4 Kf5 52. Be3 Bb8 53. a7 Bxa7 54. Bd7+ Ke5 55. Bxa7 f5 56. Be8 Bf3 57. Bb8+ Kd4 58. Kh2 Kd5 59. Kg3 Bd1 60. f3 1-0

[Event "FIDE WCCC Open-10 2024"]
[Site "Montesilvano"]
[Date "2024.11.22"]
[Round "7.12"]
[White "Hung, I-Hsuan"]
[Black "Zilincan, Tomas"]
[Result "1-0"]
[Annotator "NA RC"]
[ECO "C11"]
[WhiteElo "1608"]
[BlackElo "1778"]
[PlyCount "65"]
[EventDate "2024.11.18"]
[EventType "swiss"]
[EventCountry "ITA"]
[SourceTitle "playchess.com"]
[Source "ChessBase"]
[SourceQuality "1"]
[TimeControl "5400+30"]

1. e4 e6 2. d4 d5 3. Nc3 Nf6 4. e5 Nfd7 5. Qg4 c5 6. Nb5 a6 7. Nd6+ Bxd6 8. Qxg7 Rf8 9. exd6 Qb6 10. Qxh7 Qxd6 11. Bh6 Nf6 12. Bxf8 Qxf8 13. Qh4 Nbd7 14. dxc5 Qxc5 15. Bd3 d4 16. a3 Qa5+ 17. b4 Qc7 18. Ne2 b5 19. Qxd4 Bb7 20. O-O Qc6 21. f3 Ke7 22. Ng3 Rh8 23. Rae1 Qc7 24. Nf5+ Kd8 25. Nd6 Ke7 26. Nxb7 Qxb7 27. Bf5 Qc7 28. Bh3 Qxc2 29. Rc1 Qg6 30. Kh1 Rh5 31. Rfd1 Nd5 32. Rc7 Qh7 33. Qc5+ 1-0

[Event "FIDE WCCC Open-10 2024"]
[Site "Montesilvano"]
[Date "2024.11.22"]
[Round "7.13"]
[White "Filipovs, Sergejs"]
[Black "Nguyen Truong An Khang"]
[Result "1-0"]
[Annotator "NA RC"]
[ECO "C45"]
[WhiteElo "2012"]
[BlackElo "1836"]
[PlyCount "115"]
[EventDate "2024.11.18"]
[EventType "swiss"]
[EventCountry "ITA"]
[SourceTitle "playchess.com"]
[Source "ChessBase"]
[SourceQuality "1"]
[TimeControl "5400+30"]

1. e4 e5 2. Nf3 Nc6 3. d4 exd4 4. Nxd4 Nf6 5. Nxc6 bxc6 6. Bd3 d5 7. e5 Ng4 8. O-O Bc5 9. Qe2 Qe7 10. Bf4 g5 {[%emt 0:00:14] C45: Scotch Game.} 11. Bd2 Nxe5 12. Re1 f6 13. Bxg5 Bg4 14. Bxf6 Bxe2 15. Bxe7 Nxd3 16. cxd3 Kxe7 17. Rxe2+ Kd7 18. Nd2 Rhf8 19. Nf3 Rf4 20. Rc1 Bd6 21. d4 Rb8 22. b3 $16 Rb4 23. Rec2 Rb6 24. Rc3 Re4 25. Kf1 a5 26. Re1 a4 27. Rxe4 dxe4 28. Ng5 Rb4 29. Rc4 axb3 30. Rxb4 Bxb4 31. axb3 Bc3 32. Nxh7 Bxd4 33. Ng5 e3 34. f4 Ke7 35. Nf3 c5 36. Ke2 Kf6 37. g4 Kg6 38. Nh4+ Kf6 39. Nf5 Kg6 40. Nxe3 c6 41. Kf3 Bf6 42. Ke4 Bd4 43. Nf5 Bf6 44. h4 Bd8 45. h5+ Kh7 46. Ke5 c4 47. bxc4 c5 48. g5 Bc7+ 49. Nd6 Bd8 50. Ke6 Kg7 51. Nf7 Ba5 52. f5 Bc3 53. h6+ Kh7 54. g6+ Kg8 55. h7+ Kf8 56. f6 Bxf6 57. Kxf6 Ke8 58. Ke6 1-0

[Event "FIDE WCCC Open-10 2024"]
[Site "Montesilvano"]
[Date "2024.11.22"]
[Round "7.13"]
[White "Zhou, Martin"]
[Black "Osmolovskii, Nikita"]
[Result "1-0"]
[Annotator "NA RC"]
[ECO "B07"]
[WhiteElo "1776"]
[BlackElo "1468"]
[PlyCount "67"]
[EventDate "2024.11.18"]
[EventType "swiss"]
[EventCountry "ITA"]
[SourceTitle "playchess.com"]
[Source "ChessBase"]
[SourceQuality "1"]
[TimeControl "5400+30"]

1. e4 d6 2. d4 g6 3. Be3 Nf6 4. Nc3 Bg7 5. f3 O-O 6. Qd2 c6 7. O-O-O b5 8. Bh6 Nbd7 9. h4 Nb6 10. h5 Nc4 11. Bxc4 bxc4 12. hxg6 fxg6 13. Bxg7 Kxg7 14. Qh6+ Kf7 15. e5 Rh8 16. exf6 exf6 17. d5 c5 18. Ne4 Qe7 19. Qf4 g5 20. Nxg5+ Kg7 21. Ne4 Qe5 22. Qh6+ Kf7 23. Ne2 Bf5 24. Rh5 Rae8 25. Rxf5 Qe7 26. Rxf6+ Kg8 27. Re6 Qf7 28. Nf6+ Qxf6 29. Qxf6 Rxe6 30. dxe6 c3 31. e7 cxb2+ 32. Kxb2 h5 33. e8=Q+ Kh7 34. Qexh8# 1-0

[Event "FIDE WCCC Open-10 2024"]
[Site "Montesilvano"]
[Date "2024.11.22"]
[Round "7.14"]
[White "Chen, Chicheng Leon"]
[Black "Buklaho, Ignacy"]
[Result "1/2-1/2"]
[Annotator "NA RC"]
[ECO "B12"]
[WhiteElo "1987"]
[BlackElo "1822"]
[PlyCount "82"]
[EventDate "2024.11.18"]
[EventType "swiss"]
[EventCountry "ITA"]
[SourceTitle "playchess.com"]
[Source "ChessBase"]
[SourceQuality "1"]
[TimeControl "5400+30"]

1. e4 c6 2. d4 d5 3. e5 Bf5 4. h4 h5 5. Bd3 Bxd3 6. Qxd3 Qa5+ 7. Nd2 e6 8. Ngf3 Ne7 9. O-O Nf5 10. Nb3 Qa6 11. Qd1 b6 12. Bg5 c5 13. dxc5 bxc5 14. Nbd2 Be7 15. Bxe7 Nxe7 16. c4 Nd7 17. Re1 O-O $16 18. cxd5 Nxd5 19. Ne4 g6 20. Qc1 Kg7 21. Qg5 Qb6 22. b3 Qd8 23. Qg3 Qe7 24. Nd6 Rad8 25. Nd2 Nb4 26. Rac1 Kg8 27. N2c4 Nb6 28. a3 Nc6 29. b4 Nxc4 30. Rxc4 Nxe5 31. Qxe5 Qxd6 32. Qxd6 Rxd6 33. Rxc5 Ra6 34. Ra1 Rb8 35. Rcc1 Ra4 36. g3 Kg7 37. Kg2 a5 38. bxa5 Rxa5 39. Rc3 Ra4 40. Kf3 Rb5 41. Re3 Kf6 1/2-1/2

[Event "FIDE WCCC Open-10 2024"]
[Site "Montesilvano"]
[Date "2024.11.22"]
[Round "7.14"]
[White "Prokhorov, Makar"]
[Black "Radiukevich, Viacheslau"]
[Result "*"]
[Annotator "NA RC"]
[ECO "C88"]
[WhiteElo "1771"]
[BlackElo "1484"]
[PlyCount "21"]
[EventDate "2024.11.18"]
[EventType "swiss"]
[EventCountry "ITA"]
[SourceTitle "playchess.com"]
[Source "ChessBase"]
[SourceQuality "1"]
[TimeControl "5400+30"]

1. e4 e5 2. Nf3 Nc6 3. Bb5 a6 4. Ba4 Nf6 5. O-O b5 6. Bb3 Be7 7. Re1 O-O 8. a4 Bb7 9. d3 d6 10. Nbd2 g6 11. Ba2 *

[Event "FIDE WCCC Open-10 2024"]
[Site "Montesilvano"]
[Date "2024.11.22"]
[Round "7.14"]
[White "Prokhorov, Makar"]
[Black "Radiukevich, Viacheslau"]
[Result "0-1"]
[Annotator "NA RC"]
[ECO "C88"]
[WhiteElo "1771"]
[BlackElo "1484"]
[PlyCount "114"]
[EventDate "2024.11.18"]
[EventType "swiss"]
[EventCountry "ITA"]
[SourceTitle "playchess.com"]
[Source "ChessBase"]
[SourceQuality "1"]
[TimeControl "5400+30"]

1. e4 e5 2. Nf3 Nc6 3. Bb5 a6 4. Ba4 Nf6 5. O-O b5 6. Bb3 Be7 7. Re1 O-O 8. a4 Bb7 9. d3 d6 10. Nbd2 Na5 11. Ba2 c5 12. Nf1 Nc6 13. Ng3 Rb8 14. Bg5 Bc8 15. Bxf6 Bxf6 16. c3 Be6 17. Qd2 b4 18. Bd5 Na5 19. Qc2 b3 20. Qd2 Bxd5 21. exd5 g6 22. Ne4 Bg7 23. Ra3 h6 24. c4 Rb4 25. Qc3 f5 26. Nxc5 dxc5 27. Nxe5 Re8 28. f4 g5 29. g3 gxf4 30. gxf4 Qh4 31. Qd2 h5 32. Re2 Kh7 33. Qe3 Nb7 34. Ra1 Rb6 35. Rg2 Rf6 36. Rg3 Rff8 37. Rh3 Bh6 38. Rf1 Rxe5 39. Qxe5 Qxh3 40. Qe7+ Kh8 41. Rf2 Rg8+ 42. Kh1 Qg4 43. Qe1 Bxf4 44. Qf1 Be3 45. Rg2 Qxg2+ 46. Qxg2 Rxg2 47. Kxg2 Bd4 48. Kh3 Bxb2 49. Kh4 Bf6+ 50. Kg3 b2 51. Kf4 b1=Q 52. Kxf5 Qxd3+ 53. Kxf6 Qe3 54. d6 Nxd6 55. h4 Ne8+ 56. Kf5 Kg7 57. a5 Nd6# 0-1

[Event "FIDE WCCC Open-10 2024"]
[Site "Montesilvano"]
[Date "2024.11.22"]
[Round "7.15"]
[White "Chakhalov, Mikael"]
[Black "Anetov, Amirzhan"]
[Result "0-1"]
[Annotator "NA RC"]
[ECO "D20"]
[WhiteElo "1962"]
[BlackElo "1767"]
[PlyCount "84"]
[EventDate "2024.11.18"]
[EventType "swiss"]
[EventCountry "ITA"]
[SourceTitle "playchess.com"]
[Source "ChessBase"]
[SourceQuality "1"]
[TimeControl "5400+30"]

1. d4 d5 2. c4 dxc4 3. e3 e5 4. dxe5 Qxd1+ 5. Kxd1 Nc6 6. Bxc4 Nxe5 7. Be2 Bf5 8. Nf3 O-O-O+ 9. Nbd2 Nc6 10. a3 Nf6 $11 (10... Be7 $15) 11. Ke1 Bd6 12. Nc4 Rhe8 13. b4 Ng4 14. Bb2 Nge5 15. Rd1 Nxc4 16. Bxc4 f6 17. Bb5 Be4 18. Nd4 Nxd4 19. Bxd4 c6 20. Be2 Kb8 21. Bf3 Bxf3 22. gxf3 Be5 23. Bxe5+ fxe5 24. Rg1 Rxd1+ 25. Kxd1 g6 26. Ke2 Re6 27. Kd3 Rf6 28. Ke4 Rf5 29. h4 Kc7 30. Rg5 Rxg5 31. hxg5 Kd6 32. f4 exf4 33. Kxf4 Kd5 34. f3 b6 35. Kg3 Ke5 36. e4 c5 37. bxc5 bxc5 38. Kf2 Kf4 39. Ke2 Kxg5 40. Kd3 h5 41. Kc4 h4 42. e5 h3 0-1

[Event "FIDE WCCC Open-10 2024"]
[Site "Montesilvano"]
[Date "2024.11.22"]
[Round "7.15"]
[White "Sander, Tino"]
[Black "Vukashinovikj, Jovan"]
[Result "1-0"]
[Annotator "NA RC"]
[ECO "C42"]
[WhiteElo "1736"]
[BlackElo "1454"]
[PlyCount "51"]
[EventDate "2024.11.18"]
[EventType "swiss"]
[EventCountry "ITA"]
[SourceTitle "playchess.com"]
[Source "ChessBase"]
[SourceQuality "1"]
[TimeControl "5400+30"]

1. e4 e5 2. Nf3 Nf6 3. Nxe5 d6 4. Nf3 Nxe4 5. Nc3 Nxc3 6. dxc3 Be7 7. Be3 Nc6 8. Bd3 Be6 9. Qe2 Qd7 10. O-O-O O-O-O 11. Bb5 Qe8 12. Bxa7 b6 13. Ba6+ Kd7 14. Qb5 Qf8 15. Ne5+ Ke8 16. Qxc6+ Bd7 17. Nxd7 Rxd7 18. Bb5 Bg5+ 19. Kb1 Qe7 20. Rhe1 Qxe1 21. Rxe1+ Kf8 22. Qxd7 g6 23. Re8+ Kg7 24. Rxh8 h6 25. Qxf7+ Kxh8 26. Bxb6 1-0

[Event "FIDE WCCC Open-10 2024"]
[Site "Montesilvano"]
[Date "2024.11.22"]
[Round "7.16"]
[White "Zhou, Guoyu"]
[Black "Andre, Tomas"]
[Result "1-0"]
[Annotator "NA RC"]
[ECO "E30"]
[WhiteElo "1809"]
[BlackElo "1928"]
[PlyCount "59"]
[EventDate "2024.11.18"]
[EventType "swiss"]
[EventCountry "ITA"]
[SourceTitle "playchess.com"]
[Source "ChessBase"]
[SourceQuality "1"]
[TimeControl "5400+30"]

1. d4 Nf6 2. c4 e6 3. Nc3 Bb4 4. Bg5 c5 5. Nf3 h6 6. Bh4 g5 7. Bg3 g4 8. Ne5 Ne4 9. Qd3 f5 10. f3 Nxg3 11. hxg3 d6 12. Ng6 Rg8 13. Nf4 cxd4 14. Qxd4 Nc6 15. Qd2 Ne5 16. Rxh6 Qg5 17. Rh5 Qf6 18. O-O-O Nxc4 19. Qd3 d5 20. Nfxd5 exd5 21. Qxd5 Be6 22. Qb5+ Kf7 23. Qxb4 Kg6 24. Rh1 a5 25. Qxb7 Bf7 26. Nd5 Qe5 27. Qc6+ Be6 28. Qxe6+ Qxe6 29. Nf4+ Kf7 30. Rh7+ 1-0

[Event "FIDE WCCC Open-10 2024"]
[Site "Montesilvano"]
[Date "2024.11.22"]
[Round "7.16"]
[White "Novac, Daniil"]
[Black "Orsi, Andrea"]
[Result "0-1"]
[Annotator "NA RC"]
[ECO "D55"]
[WhiteElo "1594"]
[BlackElo "1728"]
[PlyCount "132"]
[EventDate "2024.11.18"]
[EventType "swiss"]
[EventCountry "ITA"]
[SourceTitle "playchess.com"]
[Source "ChessBase"]
[SourceQuality "1"]
[TimeControl "5400+30"]

1. d4 d5 2. c4 e6 3. Nc3 Nf6 4. cxd5 exd5 5. Bg5 Be7 6. e3 O-O 7. Bd3 b6 8. Qc2 Nbd7 9. Nf3 Bb7 10. O-O c5 11. Ne5 h6 12. Nxd7 Qxd7 13. Bf5 Qc6 14. Bh4 Rfe8 15. Ne2 Ne4 16. Bxe7 Rxe7 17. Bxe4 dxe4 18. Rac1 Rc8 19. Rfd1 Ba6 20. Ng3 Bd3 21. Qc3 Qg6 22. dxc5 Rxc5 23. Qd4 Rce5 24. Rc8+ Kh7 25. Rdc1 Qe6 26. b3 Rd5 27. Qc3 Red7 28. Rc6 Bb5 29. Rxe6 Rd1+ 30. Qe1 Rxe1+ 31. Rxe1 fxe6 32. Nxe4 Bc6 33. Ng3 Rd2 34. Rc1 Bb5 35. a4 Ba6 36. h3 Rb2 37. Rc7 Rxb3 38. Rxa7 Bc4 39. Rb7 Bd5 40. Rb8 Rb4 41. e4 Bc6 42. Kf1 Bxa4 43. Ke2 Kg6 44. Kd3 b5 45. Ra8 Rc4 46. f3 Bc2+ 47. Kd2 b4 48. Rb8 b3 49. Nf1 Rd4+ 50. Kc3 Rd3+ 51. Kb2 Rd1 52. Ne3 Rd2 53. Nxc2 bxc2 54. Rc8 Rxg2 55. Rxc2 Rxc2+ 56. Kxc2 Kg5 57. Kd3 Kf4 58. Ke2 e5 59. Kf2 g5 60. Kg2 Ke3 61. Kg3 h5 62. h4 gxh4+ 63. Kxh4 Kxf3 64. Kxh5 Kxe4 65. Kg4 Ke3 66. Kg3 e4 0-1

[Event "FIDE WCCC Open-10 2024"]
[Site "Montesilvano"]
[Date "2024.11.22"]
[Round "7.17"]
[White "Mirzhanov, Arlan"]
[Black "Ejsymont, Eryk"]
[Result "1-0"]
[Annotator "NA RC"]
[ECO "B12"]
[WhiteElo "1721"]
[BlackElo "1910"]
[PlyCount "115"]
[EventDate "2024.11.18"]
[EventType "swiss"]
[EventCountry "ITA"]
[SourceTitle "playchess.com"]
[Source "ChessBase"]
[SourceQuality "1"]
[TimeControl "5400+30"]

1. e4 c6 2. d4 d5 3. e5 Bf5 4. h4 h5 $11 5. Bd3 Bxd3 6. Qxd3 Qa5+ 7. b4 Qa6 8. e6 Qxd3 9. cxd3 Na6 10. exf7+ Kxf7 11. a3 Nf6 12. Nf3 Re8 13. Bf4 Nb8 14. Kd2 Nbd7 15. Re1 g6 16. Kc3 Nh7 17. Nbd2 Bg7 18. Be5 b6 19. Nb3 Bxe5 20. dxe5 e6 21. Nfd4 a6 22. Kd2 c5 23. bxc5 bxc5 24. Nc6 Rc8 25. Nba5 Rc7 26. d4 Rhc8 27. Rab1 g5 28. Rb7 cxd4 29. Reb1 Nc5 30. Rxc7+ Rxc7 31. f3 gxh4 32. Nxd4 Nd7 33. Nac6 Ng5 34. Ke3 Nf8 35. f4 Ne4 36. Rb8 Nd7 37. Rh8 Nec5 38. Nd8+ Kg6 39. N8xe6 Nxe6 40. Nxe6 Rc6 41. f5+ Kf7 42. Nd8+ Kg7 43. Nxc6 Kxh8 44. Kd4 Nb6 45. Kc5 Nc4 46. Kxd5 Ne3+ 47. Ke6 Nxg2 48. Kf7 Ne3 49. Nd4 h3 50. e6 Nd5 51. Nf3 h4 52. f6 Kh7 53. e7 Nc7 54. Ng5+ Kh8 55. Nxh3 a5 56. Kg6 Ne8 57. f7 a4 58. f8=R# 1-0

[Event "FIDE WCCC Open-10 2024"]
[Site "Montesilvano"]
[Date "2024.11.22"]
[Round "7.17"]
[White "Enkhbileg, Gantumur"]
[Black "Ostapenko, Volodymyr"]
[Result "0-1"]
[Annotator "NA RC"]
[ECO "C54"]
[WhiteElo "1529"]
[BlackElo "1720"]
[PlyCount "73"]
[EventDate "2024.11.18"]
[EventType "swiss"]
[EventCountry "ITA"]
[SourceTitle "playchess.com"]
[Source "ChessBase"]
[SourceQuality "1"]
[TimeControl "5400+30"]

1. e4 e5 2. Nf3 Nc6 3. Bc4 Nf6 4. d3 Bc5 5. c3 d6 6. a4 a6 7. O-O h6 8. Nbd2 Be6 9. Bxe6 fxe6 10. Re1 O-O 11. Nf1 Qe7 12. Ng3 Rae8 13. Nh4 Kh7 14. Nf3 Qd7 15. b4 Bb6 16. Qc2 Ne7 17. d4 Ng6 18. Ba3 Rf7 19. Rad1 Qc8 20. dxe5 Ng4 21. Rf1 N6xe5 22. h3 Nxf3+ 23. gxf3 Ne5 24. Kg2 Rxf3 25. Bb2 Ref8 26. Rd2 Nc4 27. Re2 Nxb2 28. Qxb2 Kh8 29. c4 R3f7 30. Qc2 Bd4 31. Qd2 Be5 32. Ree1 Qd8 33. Ne2 Rf3 34. b5 Qh4 35. Ng1 Rxh3 36. Nxh3 Qg4+ 37. Kh1 0-1

[Event "FIDE WCCC Open-10 2024"]
[Site "Montesilvano"]
[Date "2024.11.22"]
[Round "7.18"]
[White "Mutyalapati, Modith Aaroh"]
[Black "Seo, Juwon"]
[Result "1/2-1/2"]
[Annotator "NA RC"]
[ECO "B47"]
[WhiteElo "1893"]
[BlackElo "1721"]
[PlyCount "95"]
[EventDate "2024.11.18"]
[EventType "swiss"]
[EventCountry "ITA"]
[SourceTitle "playchess.com"]
[Source "ChessBase"]
[SourceQuality "1"]
[TimeControl "5400+30"]

1. e4 c5 2. Nf3 e6 3. d4 cxd4 4. Nxd4 Nc6 5. Nc3 Qc7 6. Qd3 a6 7. Nxc6 bxc6 8. Qg3 Qxg3 9. hxg3 Bb4 10. Bd2 Nf6 11. Bd3 d6 12. a3 Ba5 13. b4 Bb6 14. Na4 Ba7 15. c4 Bd4 16. Bc3 Bxc3+ 17. Nxc3 Rb8 18. Ke2 Ke7 19. Rab1 Rd8 20. e5 dxe5 21. Ne4 h6 22. c5 Nxe4 23. Bxe4 Bb7 24. Rhd1 f5 25. Bc2 Ba8 26. Bd3 Bb7 27. Bc4 Rbc8 28. Rxd8 Rxd8 29. Rd1 Rxd1 30. Kxd1 e4 31. Ke2 Kf6 32. a4 Ke5 33. f3 exf3+ 34. gxf3 g5 35. f4+ gxf4 36. gxf4+ Kxf4 37. Bxe6 Ke4 38. Kd2 h5 39. Bc4 f4 40. Bf1 Bc8 41. Ke2 f3+ 42. Kf2 h4 43. b5 axb5 44. axb5 h3 45. bxc6 h2 46. Bg2 fxg2 47. Kxg2 Kd5 48. Kxh2 1/2-1/2

[Event "FIDE WCCC Open-10 2024"]
[Site "Montesilvano"]
[Date "2024.11.22"]
[Round "7.18"]
[White "Veber, Tibor"]
[Black "Sahin, Yusuf Kerem"]
[Result "0-1"]
[Annotator "NA RC"]
[ECO "B34"]
[WhiteElo "1532"]
[BlackElo "1720"]
[PlyCount "62"]
[EventDate "2024.11.18"]
[EventType "swiss"]
[EventCountry "ITA"]
[SourceTitle "playchess.com"]
[Source "ChessBase"]
[SourceQuality "1"]
[TimeControl "5400+30"]

1. e4 c5 2. Nf3 d6 3. d4 cxd4 4. Nxd4 Nf6 5. Nc3 g6 6. Bd3 Bg7 7. O-O O-O 8. Nb3 Nc6 9. h3 Be6 10. Be3 a6 11. f4 b5 12. a3 Bxb3 13. cxb3 d5 14. e5 d4 15. exf6 Bxf6 16. Ne4 dxe3 17. Nxf6+ exf6 18. Be2 Qd4 19. Qc2 Rac8 20. Rac1 Qb6 21. Kh2 Rfd8 22. Rfd1 Rd4 23. Bf3 Ne7 24. Qb1 Rxc1 25. Qxc1 Rxf4 26. Re1 Nf5 27. Qc3 Qd6 28. Kg1 Rxf3 29. Qc8+ Kg7 30. gxf3 Qg3+ 31. Kf1 Qf2# 0-1

[Event "FIDE WCCC Open-10 2024"]
[Site "Montesilvano"]
[Date "2024.11.22"]
[Round "7.19"]
[White "Park, Jaeik B"]
[Black "Tenuun, Tseesuren"]
[Result "0-1"]
[Annotator "NA RC"]
[ECO "C77"]
[WhiteElo "1872"]
[BlackElo "1702"]
[PlyCount "88"]
[EventDate "2024.11.18"]
[EventType "swiss"]
[EventCountry "ITA"]
[SourceTitle "playchess.com"]
[Source "ChessBase"]
[SourceQuality "1"]
[TimeControl "5400+30"]

1. e4 e5 2. Nf3 Nc6 3. Bb5 a6 4. Ba4 Nf6 5. Qe2 Be7 6. c3 b5 7. Bc2 d6 8. d3 O-O 9. O-O Re8 10. Rd1 Bf8 11. Nbd2 d5 12. exd5 Nxd5 13. Nf1 f5 $11 14. Bb3 Be6 15. Nxe5 Nxe5 16. Qxe5 Bd6 17. Qe2 Qf6 18. Qf3 Qf7 19. Ng3 g6 20. Bg5 Nb6 21. Bxe6 Qxe6 22. Bf4 Rad8 23. Qe3 Qf7 24. Qd2 Na4 25. Bxd6 Rxd6 26. Qc2 Rde6 27. b3 Nb6 28. a4 Nd5 29. axb5 axb5 30. h3 Nf4 31. Qa2 Ne2+ 32. Nxe2 Rxe2 33. Qa3 f4 34. Qa7 f3 35. Qb7 fxg2 36. Qxg2 R8e5 37. h4 Rf5 38. Rf1 Rf4 39. h5 Qf5 40. Ra8+ Kg7 41. h6+ Kxh6 42. Qh2+ Kg7 43. Ra7 Rg4+ 44. Kh1 Qf3+ 0-1

[Event "FIDE WCCC Open-10 2024"]
[Site "Montesilvano"]
[Date "2024.11.22"]
[Round "7.19"]
[White "Mulay, Vivan Prakash"]
[Black "Mrozowski, Nikodem"]
[Result "1-0"]
[Annotator "NA RC"]
[ECO "A25"]
[WhiteElo "1823"]
[BlackElo "1874"]
[PlyCount "93"]
[EventDate "2024.11.18"]
[EventType "swiss"]
[EventCountry "ITA"]
[SourceTitle "playchess.com"]
[Source "ChessBase"]
[SourceQuality "1"]
[TimeControl "5400+30"]

1. c4 e5 2. Nc3 Nc6 3. g3 f5 4. Bg2 Nf6 $14 5. d3 Bb4 6. Bd2 O-O 7. a3 Bxc3 8. Bxc3 d6 9. Nf3 Kh8 10. O-O Qe8 11. b4 f4 12. b5 Ne7 13. Qb3 Qh5 14. c5 fxg3 15. fxg3 Ng4 16. cxd6 cxd6 17. Nh4 Bd7 18. Bd2 Nf5 19. Qb4 g5 20. h3 Nxg3 21. Rxf8+ Rxf8 22. Qxd6 Nxe2+ 23. Kh1 Rf7 24. Re1 Nf2+ 25. Kh2 gxh4 26. Bh6 Be8 27. Rxe2 Nxd3 28. Rc2 Qf5 29. Qd8 Qd7 30. Rc8 Qxd8 31. Rxd8 Re7 32. Bg5 Re6 33. Bd5 Ne1 34. Bxe6 Nf3+ 35. Kg2 Nxg5 36. Rxe8+ Kg7 37. Bd5 Kf6 38. Bxb7 Ne6 39. Ra8 Nc7 40. Rxa7 Nxb5 41. Ra6+ Kf5 42. a4 Nd4 43. Rh6 e4 44. Rxh4 Ne6 45. Bxe4+ Kg5 46. Rxh7 Nc5 47. Bc6 1-0

[Event "FIDE WCCC Open-10 2024"]
[Site "Montesilvano"]
[Date "2024.11.22"]
[Round "7.20"]
[White "Zabelin, Platon"]
[Black "Vedrickas, Vytis"]
[Result "1-0"]
[Annotator "NA RC"]
[ECO "D85"]
[WhiteElo "1870"]
[BlackElo "1642"]
[PlyCount "105"]
[EventDate "2024.11.18"]
[EventType "swiss"]
[EventCountry "ITA"]
[SourceTitle "playchess.com"]
[Source "ChessBase"]
[SourceQuality "1"]
[TimeControl "5400+30"]

1. d4 Nf6 2. c4 g6 3. Nc3 d5 4. cxd5 Nxd5 5. e4 Nxc3 6. bxc3 Bg7 7. Be3 c5 8. Nf3 Qa5 9. Qd2 O-O 10. Rc1 Rd8 11. Bc4 cxd4 12. cxd4 Qxd2+ 13. Kxd2 Nc6 14. d5 Bg4 15. h3 Bxf3 16. gxf3 Nd4 17. f4 $11 e6 18. Bxd4 Bxd4 19. Ke2 exd5 20. Bxd5 Rd7 21. Rc4 Bb6 22. Rhc1 Rad8 23. Rc8 Kg7 24. Rxd8 Bxd8 25. Rc8 Be7 26. Bb3 b6 27. e5 Bc5 28. Rc6 Re7 29. Kf3 a5 30. Ke4 Bxf2 31. f5 gxf5+ 32. Kxf5 Bc5 33. h4 Rd7 34. h5 h6 35. e6 fxe6+ 36. Bxe6 Rd2 37. Rc7+ Kf8 38. Rf7+ Ke8 39. Rh7 Rf2+ 40. Ke5 Bf8 41. Rb7 Re2+ 42. Kf6 Rf2+ 43. Bf5 Rd2 44. Bg6+ Kd8 45. Rb8+ Kc7 46. Rxf8 Rxa2 47. Kg7 Rh2 48. Kxh6 a4 49. Kg7 Kb7 50. h6 a3 51. Be4+ Kc7 52. h7 b5 53. h8=Q 1-0